 Dungeon Crawl Stone Soup version 0.21-a0-349-g0c35859 (webtiles) character file.

17845 JackS81 the Basher (level 12, -16/103 HPs)
             Began as a Minotaur Fighter on Oct 7, 2017.
             Was an Elder of Okawaru.
             Demolished by a skeletal warrior
             ... wielding a +0 mace
             ... led by a skeletal warrior
              (17 damage)
             ... on level 10 of the Dungeon.
             The game lasted 00:41:10 (10533 turns).

JackS81 the Basher (Minotaur Fighter)              Turns: 10533, Time: 00:41:11

Health: -16/103    AC: 20    Str: 24    XL:     12   Next: 22%
Magic:  24/24      EV:  8    Int:  5    God:    Okawaru [****..]
Gold:   139        SH: 13    Dex: 10    Spells: 11/11 levels left

rFire    . . .     SeeInvis .   p - +2 mace (holy)
rCold    + . .     Gourm    .   c - +1 shield
rNeg     . . .     Faith    .   K - +3 chain mail
rPois    +         Spirit   .   (helmet restricted)
rElec    .         Reflect  .   S - +1 cloak
rCorr    .         Harm     .   (no gloves)
MR       .....                  B - +2 pair of boots
Stlth    ..........             R - amulet of rage
HPRegen  0.27/turn              F - ring of protection from cold
MPRegen  0.19/turn              o - ring of magical power

@: no status effects
A: retaliatory headbutt, horns 2, poison resistance, weak 1
a: Heroism, Renounce Religion, Evoke Berserk Rage


You were on level 10 of the Dungeon.
You worshipped Okawaru.
Okawaru was greatly pleased with you.
You were not hungry.

You visited 2 branches of the dungeon, and saw 11 of its levels.
You also visited: Bailey.

You collected 484 gold pieces.
You spent 345 gold pieces at shops.

Inventory:

Hand Weapons
 p - a +2 mace of holy wrath (weapon)
 v - a +2 whip of freezing
 x - a +2 quarterstaff of chaos
 C - a +0 hunting sling of freezing
 I - a +4 dire flail
Missiles
 D - 44 sling bullets
Armour
 c - a +1 shield (worn)
 h - a +0 plate armour
 B - a +2 pair of boots (worn)
 K - a +3 chain mail (worn)
 P - a +1 scale mail of fire resistance
 S - a +1 cloak (worn)
Jewellery
 o - a ring of magical power (right hand)
 F - a ring of protection from cold (left hand)
 R - an amulet of rage (around neck)
Wands
 a - a wand of acid (4/15)
 d - a wand of polymorph (1/24)
 w - a wand of disintegration (14/24)
 z - a wand of polymorph (13/24)
 G - a wand of disintegration (24/24)
 U - a wand of lightning (0/15)
Scrolls
 i - 3 scrolls of magic mapping
 j - 6 scrolls of remove curse
 m - 2 scrolls of teleportation
 r - 5 scrolls of enchant armour
 y - a scroll of identify
 A - 8 scrolls of enchant weapon
 E - a scroll of fear
 H - a scroll of blinking
 L - a scroll of recharging
Potions
 b - a potion of mutation
 e - 2 potions of haste
 k - 2 potions of flight
 q - 6 potions of curing
 t - 2 potions of ambrosia
 u - 2 potions of berserk rage
 N - 2 potions of might
 V - a potion of heal wounds
Books
 J - a book of Cantrips

   Spells                             Type                      Level
   a - Confusing Touch                Hexes                        1
   b - Animate Skeleton               Necromancy                   1
   c - Summon Small Mammal            Summoning                    1
   d - Apportation                    Translocation                1
 M - a book of Minor Magic

   Spells                             Type                      Level
   a - Magic Dart                     Conjuration                  1
   b - Blink                          Translocation                2
   c - Call Imp                       Summoning                    2
   d - Slow                           Hexes                        2
   e - Conjure Flame                  Conjuration/Fire             3
   f - Mephitic Cloud                 Conjuration/Poison/Air       3
 O - a book of Misfortune

   Spells                             Type                      Level
   a - Confusing Touch                Hexes                        1
   b - Confuse                        Hexes                        3
   c - Gell's Gravitas                Translocation                3
   d - Petrify                        Transmutation/Earth          4
   e - Metabolic Englaciation         Hexes/Ice                    5
   f - Yara's Violent Unravelling     Hexes/Transmutation          5
Miscellaneous
 T - a sack of spiders
Comestibles
 f - 13 bread rations
 g - 10 fruits
 n - 3 meat rations


   Skills:
 * Level 8.6 Fighting
 * Level 14.0 Maces & Flails
 * Level 10.0 Armour
 * Level 11.7 Shields
 * Level 3.6 Invocations
 + Level 5.3 Evocations


You had 11 spell levels left.
You didn't know any spells.

Dungeon Overview and Level Annotations

Branches:
Dungeon (10/15)            Temple (1/1) D:5
   Lair: D:8-11         Orc: D:9-12

Altars:
Ashenzari
Cheibriados
Dithmenos
Elyvilon
Fedhas
Gozag
Hepliaklqana
Kikubaaqudgha
Makhleb
Nemelex Xobeh
Okawaru
Qazlal
Ru
Sif Muna
Trog
Uskayaw
Vehumet
Wu Jian
Xom
Yredelemnul
Zin
The Shining One

Shops:
D:6 ?   D:8 %[%[*

Annotations:
D:9 3 runed doors


Innate Abilities, Weirdness & Mutations

You reflexively headbutt those who attack you in melee.
You have a pair of horns on your head.
Your system is resistant to poisons. (rPois)
You are weak. (Str -2)


Message History

The skeletal warrior is moderately damaged.
You block the skeletal warrior's attack.
You hit the skeletal warrior but do no damage.
The skeletal warrior is moderately damaged.
You block the skeletal warrior's attack. x2
The skeletal warrior hits you but does no damage.
You hit the skeletal warrior but do no damage.
Your headbutt misses the skeletal warrior.
The skeletal warrior is moderately damaged.
You block the skeletal warrior's attack.
The skeletal warrior hits you with a scimitar!
* * * LOW HITPOINT WARNING * * *
You hit the skeletal warrior.
The skeletal warrior convulses.
The skeletal warrior is heavily damaged.
The skeletal warrior hits you from afar with a glaive!
* * * LOW HITPOINT WARNING * * *
The skeletal warrior hits you with a battleaxe!
* * * LOW HITPOINT WARNING * * *
The skeletal warrior hits you with a mace!
You die...

... .. #.# ###.# #.#
..>..# #.# # # ......
#.# .#.#
##.#..##.#########...#
............zOz.z....#
##........######z..#.#
.......<......z@z..#
###....O..######.###
#...z.....# #.#
#....Z###.# #.#
#...... .# #.# #.#....
# #.# #.#.... ..# .
#..... ##


You could see 4 skeletal warriors.

Vanquished Creatures
  2 two-headed ogres
  Pikel (D:6)
  An orange crystal statue (D:9)
  3 orc knights (Bailey)
  The ghost of JackS81 the Basher, a novice MiFi (D:6)
  A kobold demonologist (D:9)
  Prince Ribbit (D:7)
  2 hippogriffs (D:8)
  A spriggan (D:8)
  A water moccasin (D:8)
  11 orc warriors
  2 slaves (D:6)
  2 black bears
  2 phantoms (D:7)
  3 ogres
  4 centaurs
  5 big kobolds
  11 bullfrogs
  A wyvern zombie (D:10)
  2 scorpions
  4 killer bees (D:9)
  6 wights
  A water moccasin skeleton (D:8)
  3 vampire bats (D:4)
  8 crimson imps
  2 howler monkeys
  4 hounds
  2 bullfrog skeletons
  A jelly (D:9)
  4 orc priests
  3 centaur skeletons
  Crazy Yiuf (D:2)
  2 iguanas (D:5)
  10 orc wizards
  5 worker ants
  2 hound skeletons
  14 adders
  10 gnolls
  2 howler monkey skeletons
  4 shadow imps
  An ooze (D:2)
  3 worms
  2 dart slugs (D:1)
  8 leopard geckos
  69 orcs
  8 giant cockroaches
  9 goblins
  6 hobgoblins
  4 jackals (D:2)
  14 kobolds
  5 quokkas
  12 bats
  6 frilled lizards
  A leopard gecko skeleton (D:5)
  A quokka skeleton (D:4)
  A quokka zombie (D:6)
  5 rats
300 creatures vanquished.

Vanquished Creatures (collateral kills)
  2 orc warriors (Bailey)
  4 orcs (Bailey)
6 creatures vanquished.

Vanquished Creatures (others)
  A slave (D:6)
  An ogre (D:6)
2 creatures vanquished.

Grand Total: 308 creatures vanquished

Notes
Turn   | Place    | Note
-------+----------+-------------------------------------------
     0 | D:1      | JackS81 the Minotaur Fighter began the quest for the Orb.
     0 | D:1      | Reached XP level 1. HP: 19/19 MP: 0/0
   121 | D:1      | Reached skill level 3 in Maces & Flails
   283 | D:1      | Reached XP level 2. HP: 26/26 MP: 1/1
   471 | D:1      | Reached skill level 4 in Maces & Flails
   648 | D:2      | Reached XP level 3. HP: 31/31 MP: 2/2
   751 | D:2      | Reached skill level 5 in Maces & Flails
   825 | D:2      | Reached XP level 4. HP: 36/39 MP: 3/3
  1170 | D:2      | Found a runed door.
  1174 | D:2      | Noticed Crazy Yiuf
  1178 | D:2      | Killed Crazy Yiuf
  1484 | D:3      | Reached skill level 6 in Maces & Flails
  1635 | D:3      | Reached XP level 5. HP: 45/45 MP: 4/4
  1651 | D:3      | Found a shimmering altar of Xom.
  2154 | D:4      | Reached skill level 7 in Maces & Flails
  2204 | D:4      | Found a burning altar of Makhleb.
  2486 | D:4      | Reached XP level 6. HP: 47/51 MP: 5/5
  2506 | D:4      | Reached skill level 8 in Maces & Flails
  2662 | D:4      | Reached skill level 9 in Maces & Flails
  2672 | D:4      | Reached XP level 7. HP: 24/57 MP: 6/6
  3313 | D:5      | Entered Level 5 of the Dungeon
  3628 | D:5      | Reached skill level 10 in Maces & Flails
  3840 | D:5      | Found a staircase to the Ecumenical Temple.
  3848 | Temple   | Entered the Ecumenical Temple
  4463 | D:5      | Reached XP level 8. HP: 67/67 MP: 7/7
  4577 | D:5      | Found a shadowy altar of Dithmenos.
  4602 | D:5      | Found a radiant altar of Vehumet.
  4603 | D:5      | Found an opulent altar of Gozag.
  4780 | D:6      | Reached skill level 5 in Armour
  5073 | D:6      | Reached skill level 5 in Fighting
  5126 | D:6      | Reached skill level 11 in Maces & Flails
  5132 | D:6      | Reached skill level 5 in Shields
  5478 | D:6      | Reached XP level 9. HP: 75/75 MP: 8/8
  5520 | D:6      | Found an iron altar of Okawaru.
  5669 | D:6      | Found a basalt altar of Yredelemnul.
  5670 | D:6      | Noticed Pikel
  5673 | D:6      | Became a worshipper of Warmaster Okawaru
  5708 | D:6      | Killed Pikel
  6039 | D:6      | Noticed JackS81's ghost (novice MiFi)
  6043 | D:6      | Gained mutation: You are weak. (Str -2) [potion of mutation]
  6043 | D:6      | Gained mutation: Your system is resistant to poisons. (rPois) [potion of mutation]
  6054 | D:6      | Killed JackS81's ghost
  6054 | D:6      | Reached * piety under Okawaru
  6054 | D:6      | Reached skill level 12 in Maces & Flails
  6138 | D:6      | Found a glowing silver altar of Zin.
  6181 | D:6      | Found Miru's Magic Scroll Emporium.
  6189 | D:6      | Bought a scroll of blinking for 105 gold pieces
  6756 | D:7      | Noticed Prince Ribbit
  6772 | D:7      | Killed Prince Ribbit
  6802 | D:7      | Reached ** piety under Okawaru
  6952 | D:7      | Reached XP level 10. HP: 73/86 MP: 9/9
  7189 | D:7      | Reached skill level 1 in Invocations
  7341 | D:8      | Found Fobycu's Food Emporium.
  7472 | D:8      | Noticed a two-headed ogre
  7490 | D:8      | Killed a two-headed ogre
  7490 | D:8      | Reached skill level 13 in Maces & Flails
  7822 | D:8      | Found Kovvillo's Food Shoppe.
  7841 | D:8      | Found Zoxtidgh's Armour Emporium.
  7988 | D:8      | Found Karph's General Store.
  8002 | D:8      | Reached *** piety under Okawaru
  8376 | D:8      | Found a shadowy altar of Dithmenos.
  8387 | D:8      | Found Tacs's Antique Armour Shop.
  8393 | D:8      | Bought a glowing cloak for 240 gold pieces
  8975 | D:9      | Found a shattered altar of Ashenzari.
  9010 | D:9      | Found a flagged portal.
  9021 | Bailey   | Entered a bailey
  9180 | Bailey   | Reached **** piety under Okawaru
  9250 | Bailey   | Reached skill level 5 in Evocations
  9250 | Bailey   | Reached XP level 11. HP: 49/94 MP: 14/14
  9468 | Bailey   | Noticed an orc knight
  9489 | Bailey   | Killed an orc knight
  9489 | Bailey   | Reached XP level 12. HP: 102/102 MP: 15/15
  9824 | D:9      | Found a runed door.
  9824 | D:9      | Noticed a two-headed ogre
  9837 | D:9      | Killed a two-headed ogre
  9837 | D:9      | Reached skill level 10 in Armour
  9850 | D:9      | Reached skill level 14 in Maces & Flails
  9858 | D:9      | Found a runed door.
  9875 | D:9      | Found a runed door.
  9887 | D:9      | Found a runed door.
 10028 | D:9      | Found a faded altar of an unknown god.
 10028 | D:9      | Found a stormy altar of Qazlal.
 10033 | D:9      | Found a blossoming altar of Fedhas.
 10035 | D:9      | Found a faded altar of an unknown god.
 10037 | D:9      | Found a shimmering altar of Xom.
 10492 | D:10     | Entered Level 10 of the Dungeon
 10492 | D:10     | Noticed a two-headed ogre
 10533 | D:10     | HP: 1/103 [skeletal warrior/battleaxe[a skeletal warrior] (15)]
 10533 | D:10     | Demolished by a skeletal warrior

Vault maps used:
D:1:      minmay_arrival_up_and_down
D:2:      serial_corexii_hall, corexii_hall_statues_l, corexii_hall_statues_l,
          corexii_hall_statues_l, corexii_hall_statues_s, minmay_fountain_box,
          uniq_crazy_yiuf_cottage
D:3:      xom_teletrap_fun
D:4:      minmay_opposing_rooms, first_bread, roderic_batcave,
          minmay_misc_feat_cross, bloody_makhleb
D:5:      minitemple, temple_statues, kennysheep_generic_room_15
D:6:      overflow_temple_1_default, grunt_temple_overflow_open, serial_shops,
          shop, hangedman_abyss_or_decor_lesser_grid, uniq_pikel
D:7:      uniq_prince_ribbit1
D:8:      serial_shops, shop, nicolae_shop_waterfront, shop, shop_fountains,
          nicolae_shop_stone, the_bakery, kennysheep_cross_bottleneck,
          grunt_dithmenos_smoke
D:9:      chequers_temple_overflow_minitemple, kennysheep_little_box,
          special_room, enter_bailey_2, minmay_misc_feat_plants,
          minmay_statue_crystal_thing
D:10:     kennysheep_six_static_rooms, basic_altar, enter_trove_5
Temple:   minmay_temple_bridge_abc
Bailey:   bailey_polearm_5, bailey

Skill      XL: |  1  2  3  4  5  6  7  8  9 10 11 12 |
---------------+-------------------------------------+-----
Maces & Flails | 3 4 5 6 7 9 10 11 12 13 14 | 14.0
Shields        | 4 5 7 11 | 11.7
Fighting       | 4 5 7 8 |  8.6
Armour         | 4 6 8 9 10 | 10.0
Invocations    | 3 |  3.6
Evocations     | 5 |  5.3

Action                   |  1- 3 |  4- 6 |  7- 9 | 10-12 || total
-------------------------+-------+-------+-------+-------++-------
Melee: Flail             |    90 |    23 |       |       ||   113
       Headbutt          |     8 |    27 |    60 |    79 ||   174
       Mace              |       |   167 |   374 |   384 ||   925
       Unarmed           |       |       |    22 |       ||    22
Invok: Heroism           |       |       |       |     9 ||     9
 Abil: Evoke Berserk Rag |       |       |       |     2 ||     2
Evoke: Sack of spiders   |       |       |       |     1 ||     1
       Wand              |       |       |       |     3 ||     3
  Use: Scroll            |       |       |    14 |     8 ||    22
       Potion            |       |       |     7 |     9 ||    16
 Stab: Invisible         |       |       |     1 |     4 ||     5
  Eat: Chunk             |       |     6 |    14 |    10 ||    30
       Fruit             |       |       |       |     2 ||     2
       Royal jelly       |       |       |       |     1 ||     1
Armor: Scale mail        |    47 |    85 |    24 |       ||   156
       Plate armour      |       |       |    92 |       ||    92
       Chain mail        |       |       |    14 |   151 ||   165
Dodge: Dodged            |    30 |    58 |    63 |   100 ||   251
Block: Shield            |    41 |    89 |   137 |   237 ||   504

Table legend:
 A = Spawn XP
 B = Non-spawn XP
 C = Spawn XP percentage of total XP
 D = Spawn monster count
 E = Non-spawn monster count
 F = Spawn count percentage of total count
 G = Total turns spent on level
                    A         B        C        D         E        F      G
               +---------+---------+-------+---------+---------+-------+---------
         Total |       0 |   14881 |   0.0 |       0 |     304 |   0.0 | 10533
               +---------+---------+-------+---------+---------+-------+---------
           D:1 |       0 |      36 |   0.0 |       0 |      19 |   0.0 |   619
           D:2 |       0 |     111 |   0.0 |       0 |      19 |   0.0 |   639
           D:3 |       0 |      99 |   0.0 |       0 |      23 |   0.0 |   863
           D:4 |       0 |     627 |   0.0 |       0 |      43 |   0.0 |  1192
           D:5 |       0 |     769 |   0.0 |       0 |      23 |   0.0 |  1374
           D:6 |       0 |    2807 |   0.0 |       0 |      50 |   0.0 |  1548
           D:7 |       0 |    1464 |   0.0 |       0 |      22 |   0.0 |   797
           D:8 |       0 |    3008 |   0.0 |       0 |      35 |   0.0 |  1340
           D:9 |       0 |    2927 |   0.0 |       0 |      28 |   0.0 |  1117
          D:10 |       0 |     119 |   0.0 |       0 |       2 |   0.0 |    41
        Bailey |       0 |    2914 |   0.0 |       0 |      40 |   0.0 |   719
               +---------+---------+-------+---------+---------+-------+---------
